 Dungeon Crawl Stone Soup version 0.26.1-15-g04117e645d (webtiles) character file.

Game seed: 1912580483466391591

204 suipiss the Chiller (level 5, -2/28 HPs)
             Began as a Deep Elf Ice Elementalist on Jan 5, 2023.
             Slain by Grinder (6 damage)
             ... on level 3 of the Dungeon.
             The game lasted 00:06:16 (2847 turns).

suipiss the Chiller (Deep Elf Ice Elementalist)     Turns: 2847, Time: 00:06:17

Health: -2/28      AC: 14    Str:  5    XL:     5   Next: 52%
Magic:  0/15       EV: 13    Int: 21    God:
Gold:   128        SH:  0    Dex: 15    Spells: 4/15 levels left

rFire    . . .     SeeInvis .   m - +3 dagger (chaos)
rCold    . . .     Faith    .   (no shield)
rNeg     . . .     Spirit   .   a - +0 robe
rPois    .         Reflect  .   (no helmet)
rElec    .         Harm     .   (no cloak)
rCorr    .         Rampage  .   (no gloves)
Will     .....                  o - +0 pair of boots
Stlth    ++........             (no amulet)
HPRegen  0.09/turn              k - +4 ring of protection
MPRegen  0.14/turn              (no ring)

@: icy armour (expiring)
A: no striking features
a: no special abilities


You were on level 3 of the Dungeon.
You visited 1 branch of the dungeon, and saw 3 of its levels.

You collected 128 gold pieces.

Inventory:

Hand Weapons
 h - a +0 whip
 m - a +3 dagger of chaos (weapon)
Armour
 a - a +0 robe (worn)
 o - a +0 pair of boots (worn)
Jewellery
 k - a +4 ring of protection (left hand)
Scrolls
 b - a scroll of identify
 d - 2 scrolls of magic mapping {unknown}
 f - a scroll of remove curse {unknown}
 l - a scroll of enchant armour {unknown}
 n - a scroll of fear {unknown}
Potions
 e - a potion of mutation
 g - a potion of cancellation
 j - a potion of curing


   Skills:
 - Level 2.4 Dodging
 - Level 2.4 Stealth
 * Level 5.5 Spellcasting
 + Level 2.3 Summonings
 * Level 5.8 Ice Magic


You had 4 spell levels left.
You knew the following spells:

 Your Spells              Type           Power        Failure   Level
a - Freeze                Ice            100%         1%          1
b - Frozen Ramparts       Ice            60%          2%          3
c - Ozocubu's Armour      Ice            30%          2%          3
d - Summon Ice Beast      Ice/Summ       22%          19%         4

Your spell library contained the following spells:

 Spells                   Type           Power        Failure   Level
 Hailstorm                Conj/Ice       18%          30%         4


Dungeon Overview and Level Annotations

Branches:
Dungeon (3/15)

Altars:
Cheibriados
Qazlal
Xom
The Shining One

Annotations:
D:3 Grinder


Message History

You don't have enough magic to cast that spell.
Casting: Freeze (safe; 1% risk of failure)
Confirm with . or Enter, or press ? or * to list all spells.
Aiming: Freeze (safe; 1% risk of failure)
Press: ? - help, Shift-Dir - straight line, f/p - Grinder
Aim: Grinder (severely wounded, fast) Grinder completely resists.
You freeze Grinder but do no damage.
Your icy armour starts to melt.
Grinder hits you.
You writhe in agony.
Casting: Freeze (safe; 1% risk of failure)
Confirm with . or Enter, or press ? or * to list all spells.
Aiming: Freeze (safe; 1% risk of failure)
Press: ? - help, Shift-Dir - straight line, f/p - Grinder
Aim: Grinder (severely wounded, fast) Grinder resists.
You freeze Grinder.
Grinder is severely wounded.
Grinder hits you!
* * * LOW HITPOINT WARNING * * *
You writhe in agony.
You die...

♣♣##. .# ..+. .#
...#.# ....# ...#
#..# #.# #5# ###
#@# #.. #.# #.#
##.#
##.############..#
................##
.#.##########.###
.#.# #.# ...## #.#
....## #†#


You could see Grinder (fast).

Vanquished Creatures
  A jelly (D:3)
  A worker ant (D:2)
  2 adders
  5 gnolls (D:2)
  An ooze (D:2)
  5 worms
  2 dart slugs
  A ball python (D:2)
  6 giant cockroaches
  13 goblins
  5 hobgoblins
  2 jackals (D:3)
  5 kobolds
  2 quokkas (D:3)
  8 bats
  2 frilled lizards
  4 rats (D:2)
65 creatures vanquished.

Notes
Turn   | Place    | Note
-------+----------+-------------------------------------------
     0 | D:1      | suipiss the Deep Elf Ice Elementalist began the quest for
                  | the Orb.
     0 | D:1      | Reached XP level 1. HP: 10/10 MP: 6/6
   159 | D:1      | Reached XP level 2. HP: 10/15 MP: 0/8
   775 | D:1      | Reached skill level 1 in Summonings
  1143 | D:2      | Reached skill level 5 in Ice Magic
  1143 | D:2      | Reached XP level 3. HP: 14/19 MP: 4/10
  1151 | D:1      | Learned a level 3 spell: Frozen Ramparts
  1155 | D:1      | Learned a level 3 spell: Ozocubu's Armour
  1272 | D:2      | Reached XP level 4. HP: 12/24 MP: 6/12
  1599 | D:2      | Learned a level 4 spell: Summon Ice Beast
  1947 | D:2      | Found a stormy altar of Qazlal.
  2078 | D:2      | Found a glowing golden altar of the Shining One.
  2150 | D:2      | Found a snail-covered altar of Cheibriados.
  2233 | D:2      | Found a shimmering altar of Xom.
  2240 | D:2      | Reached skill level 5 in Spellcasting
  2242 | D:2      | Reached XP level 5. HP: 28/28 MP: 6/14
  2797 | D:3      | Noticed Grinder
  2816 | D:3      | Paralysed by Grinder for 7 turns
  2835 | D:3      | Paralysed by Grinder for 6 turns
  2847 | D:3      | Slain by Grinder

Illustrated notes

Levels and vault maps discovered:
D:1:      giann_wishing_wells, layout_rooms, minmay_crystal_water
D:2:      layout_basic, tgw_xom, marbit_many_paths, general_overflow_altar,
          tso_oasis_becter, due_unseen_surprise
D:3:      layout_loops_ring, uniq_crazy_yiuf_cottage, uniq_grinder

Skill      XL: |  1  2  3  4 |
---------------+-------------+-----
Summonings     | 1 2 |  2.3
Spellcasting   | 4 5 |  5.5
Ice Magic      | 5 |  5.8
Dodging        | |  2.4
Stealth        | |  2.4

Action                   |  1- 3 |  4- 6 || total
-------------------------+-------+-------++-------
Melee: Unarmed           |    11 |       ||    11
       Whip              |    14 |    14 ||    28
       Club              |     5 |       ||     5
       Dagger            |       |    29 ||    29
 Cast: Freeze            |    29 |    34 ||    63
       Frozen Ramparts   |     1 |    15 ||    16
       Ozocubu's Armour  |     1 |     1 ||     2
  Use: Scroll            |       |     4 ||     4
       Potion            |       |     4 ||     4
 Stab: Sleeping          |     1 |     3 ||     4
Armor: Robe              |     9 |    26 ||    35
       Skin              |       |    12 ||    12
Dodge: Dodged            |    36 |    45 ||    81
